Cogmind - Beta 15 @@@ ROGUE MODE // 2025.05.30 @ 20:30:58 Player: Beosis Result: Destroyed by G-34 Mercenary with Small Laser Performance ------------- Evolutions (0) 0 Regions Visited (1) 200 Robots Destroyed (8) 40 Value Destroyed (169) 169 Prototype IDs (0) 0 Alien Tech Used (0) 0 Bonus (0) 0 TOTAL SCORE: 409 Bonus ------- None Cogmind --------- Core Integrity 0/250 Matter 300/300 Energy 100/100 System Corruption 0% Temperature Cool (12) Movement Core (100) Ox1 Location -10/Materials Parts ------- > --- POWER (1) -------- (None) > --- PROPULSION (2) --- (None) > --- UTILITY (2) ------ Small Storage Unit > --- WEAPON (2) ------- (None) > --- INVENTORY (8) ---- Heat Sink Large Storage Unit Terrain Scanner Peak State ------------ > --- POWER ------------ Light Ion Engine > --- PROPULSION ------- Aluminum Leg Aluminum Leg > --- UTILITY ---------- Small Storage Unit > --- WEAPON ----------- EM Pulse Gun Light Assault Rifle > --- INVENTORY -------- (None) [Rating: 6] Favorites ----------- Power Light Ion Engine Engine Light Ion Engine Propulsion Aluminum Leg Leg Aluminum Leg Utility Small Storage Unit Storage Small Storage Unit Weapon Light Assault Rifle Energy Gun EM Pulse Gun Ballistic Gun Light Assault Rifle Launcher Grenade Launcher Build | -11 -10 ------- Run | Yrd Mat Slots Evolved . | . . Power . | . . Propulsion . | . . Utility . | . . Weapon . | . . Parts Attached 9 | 6 3 Power 2 | 1 1 Engine 2 | 1 1 Core . | . . Reactor . | . . Propulsion 2 | 2 . Treads . | . . Leg 2 | 2 . Wheel . | . . Hover . | . . Flight . | . . Utility 1 | 1 . Device . | . . Storage 1 | 1 . Processor . | . . Hackware . | . . Protection . | . . Artifact . | . . Weapon 4 | 2 2 Energy Gun 2 | 1 1 Energy Cannon . | . . Ballistic Gun 1 | 1 . Ballistic Cannon . | . . Launcher 1 | . 1 Special Weapon . | . . Impact Weapon . | . . Slashing Weapon . | . . Piercing Weapon . | . . Special Melee Weapon . | . . Unidentified Prototypes . | . . Parts Lost 8 | 1 7 Power 2 | . 2 Propulsion 2 | . 2 Utility . | . . Weapon 4 | 1 3 Highest Loss Streak 4 | 1 4 To Critical Strikes . | . . Average Backups 1 | . 2 Power . | . . Propulsion . | . . Utility . | . 1 Weapon . | . . Tool/Special . | . . Unused Backups 3 | . 3 Power . | . . Propulsion . | . . Utility 3 | . 3 Weapon . | . . Tool/Special . | . . Average Slot Usage (%) 73 | . 73 Engine 13 | . 13 Leg 22 | . 22 Storage 14 | . 14 Energy Gun 4 | . 4 Ballistic Gun 8 | . 8 Launcher 8 | . 8 Peak Build Rating 6 | 6 6 Average Rating 5 | 5 5 On Entrance 2 | . 5 Naked Turns . | . . Heaviest Build 12 | 11 12 Greatest Support 20 | 20 20 Greatest Overweight (x) 3 | 3 2 Average Overweight (x) . | . . Largest Inventory Capacity 8 | 8 8 Average Capacity 7 | 7 8 Most Carried 3 | 3 3 Average Carried 1 | . 2 Final Capacity 8 | 8 8 Final Carried 3 | 1 3 Class Distribution -------------------- 100% | Mutant Dominant Class ---------------- Mutant | -10/Materials Resources | -11 -10 ----------- Run | Yrd Mat Matter Collected 360 | 242 118 Remotely . | . . Salvage Created 155 | . 155 Parts 9 | . 9 Haulers Intercepted . | . . Recyclers Shooed . | . . Parts Field Recycled . | . . Retrieved Matter . | . . Parts Self-Destructed . | . . Prevented . | . . Kills | -11 -10 ------- Run | Yrd Mat Combat Hostiles Destroyed 6 | . 6 Guns 2 | . 2 AOE 4 | . 4 Classes Destroyed 4 | . 4 Worker 1 | . 1 Watcher 1 | . 1 Swarmer 3 | . 3 Grunt 3 | . 3 Best Kill Streak 4 | . 4 Combat Bots Only 2 | . 2 Max Kills in Single Turn 1 | . 1 Gunslinging . | . . Exploded 1 | . 1 Melee . | . . Uniques/NPCs Destroyed . | . . Combat | -11 -10 -------- Run | Yrd Mat Hostile Shots Fired 83 | 6 77 Missed 24 | . 24 Hits 59 | 6 53 Projectile 59 | 6 53 AOE 6 | 6 . Damage Taken 905 | 232 673 Core 256 | 36 220 Absorbed by Shields . | . . Core Remaining (%) 85 | 85 . Volleys Fired 21 | 1 20 Largest 2 | 2 2 Hottest 60 | 60 50 Shots Fired 30 | 2 28 Gun 22 | 2 20 Cannon . | . . Launcher 8 | . 8 Special . | . . Kinetic 16 | 1 15 Thermal 5 | . 5 Explosive 8 | . 8 Electromagnetic 1 | 1 . Robot Hit Streak 7 | 1 7 Robot Miss Streak 3 | 1 3 Penetration Max . | . . Secondary Targets . | . . Shots Hit Robots 15 | 1 14 Core Hits 18 | . 18 Critical Kills . | . . Critical Parts Destroyed . | . . Critical Strikes . | . . Melee Attacks . | . . Impact . | . . Slashing . | . . Piercing . | . . Sneak Attacks . | . . Combat Hostiles . | . . Follow-up Attacks . | . . Damage Inflicted 524 | 11 513 Guns 116 | 11 105 Cannons . | . . Explosions 391 | . 391 Melee . | . . Ramming 17 | . 17 Kinetic 50 | . 50 Thermal 55 | . 55 Explosive 391 | . 391 Electromagnetic 11 | 11 . Impact . | . . Slashing . | . . Piercing . | . . Highest Corruption . | . . Average Corruption . | . . Corruption Purged . | . . Corruption Blocked . | . . Overload Shots . | . . Overflow Damage 46 | . 46 Projectiles . | . . Explosions 46 | . 46 Melee . | . . Knockbacks . | . . Impact . | . . Kinetic . | . . Secondary . | . . Self-Inflicted Damage 123 | . 123 Shots 3 | . 3 Rammed 2 | . 2 Targets Rammed 14 | . 14 Kicked 12 | . 12 Crushed . | . . Highest Temperature 22 | 20 22 Average Temperature 11 | 15 10 Received Heat Transfer 228 | . 228 Siege Activations . | . . Martial Activations . | . . Shielding Activations . | . . Robots Disrupted . | . . Combat Hostiles . | . . Robots Corrupted . | . . Combat Hostiles . | . . Parts Fried . | . . Impact Corruptions . | . . Robots Melted . | . . Combat Hostiles . | . . Parts Melted . | . . Heat Transferred 125 | . 125 Parts Sabotaged . | . . Parts Stolen . | . . Parts Stripped . | . . Power Chain Reactions . | . . Alert | -11 -10 ------- Run | Yrd Mat Maximum Alert Level . | . . Low Security (%) 100 | 100 100 Level 1 . | . . Level 2 . | . . Level 3 . | . . Level 4 . | . . Level 5 . | . . High Security . | . . Max Security . | . . Peak Influence 112 | . 112 Initial . | . . Average 14 | . 42 Influence Increases 242 | . 242 Destroy 0b10 Robot/C 120 | . 120 Destroy 0b10 Robot/NC 10 | . 10 Destroy Leader 32 | . 32 Successful Hack 10 | . 10 Disable Machine 30 | . 30 Destroy Structure 40 | . 40 Influence Decreases 226 | . 226 Time Decay 156 | . 156 Lost Part 70 | . 70 Squads Dispatched 3 | . 3 Investigation 1 | . 1 Extermination . | . . Reinforcement 2 | . 2 Assault . | . . Garrison . | . . Intercept . | . . Searches Triggered . | . . Construction Impeded . | . . Haulers Reinforced . | . . Active Scanning Responses . | . . Cargo Convoy Interrupts . | . . Stealth | -11 -10 --------- Run | Yrd Mat Distress Signals . | . . Communications Jammed . | . . Distress Signals . | . . Times Spotted 18 | 2 16 Peak Tracking Total 4 | 2 4 Tactical Retreats . | . . Traps | -11 -10 ------- Run | Yrd Mat Traps Triggered 1 | . 1 Indirectly . | . . Trap Hack Attempts . | . . Triggered . | . . Disarmed . | . . Reprogrammed . | . . Reused . | . . Traps Extracted . | . . Installed . | . . Triggered . | . . Machines | -11 -10 ---------- Run | Yrd Mat Machines Disabled 2 | . 2 Max in Single Turn 1 | . 1 Machines Repaired . | . . Machines Dismantled . | . . Machines Sabotaged . | . . Overloaded Fab Kills . | . . Hacking | -11 -10 --------- Run | Yrd Mat Machines Accessed 2 | . 2 Terminals 1 | . 1 Fabricators . | . . Repair Stations . | . . Recycling Units 1 | . 1 Scanalyzers . | . . Garrison Access . | . . Total Hacks 7 | . 7 Successful 6 | . 6 Failed 1 | . 1 Catastrophic . | . . Database Lockouts . | . . Manual . | . . Terminals 4 | . 4 Fabricators . | . . Repair Stations . | . . Recycling Units 3 | . 3 Scanalyzers . | . . Garrison Access . | . . Terminal Hacks 3 | . 3 Record 1 | . 1 Alert Level 1 | . 1 Recall Reinforcements 1 | . 1 Fabricator Hacks . | . . Repair Station Hacks . | . . Recycling Unit Hacks 3 | . 3 Report Inventory 1 | . 1 Retrieve Matter 1 | . 1 Retrieve Components 1 | . 1 Scanalyzer . | . . Garrison Access Hacks . | . . Unauthorized Hacks . | . . Terminals . | . . Fabricators . | . . Repair Stations . | . . Recycling Units . | . . Scanalyzers . | . . Garrison Access . | . . Data Cores Recovered . | . . Used . | . . Hacking Detections 2 | . 2 Full Trace Events 1 | . 1 Feedback Events . | . . Feedback Blocked . | . . Robot Schematics Acquired . | . . Robots Built . | . . Authchips . | . . Time . | . . Total Robot Build Rating . | . . Part Schematics Acquired . | . . Parts Built . | . . Authchips . | . . Time . | . . Total Part Build Rating . | . . Parts Repaired . | . . Time . | . . Parts Recycled . | . . Recycled Matter . | . . Retrieved Matter . | . . Retrieved Components 2 | . 2 Parts Scanalyzed . | . . Part Schematics Acquired . | . . Parts Damaged . | . . Bothacking | -11 -10 ------------ Run | Yrd Mat Used RIF Installer . | . . Robots Hacked . | . . Non-combat . | . . Combat . | . . Robot Hacks Applied . | . . Relay Couplers Released . | . . Fabnet Peak Effective % . | . . Robots Rewired . | . . Allies Hacked . | . . Hacks Repelled . | . . Allies | -11 -10 -------- Run | Yrd Mat Total Allies . | . . Largest Group . | . . Highest-Rated Group . | . . Highest-Rated Ally . | . . Total Orders . | . . Ally Attacks . | . . Total Damage . | . . Kills . | . . Allies Corrupted . | . . Allies Melted . | . . Intel | -11 -10 ------- Run | Yrd Mat Active Infowar (turns) . | . . Robot Analysis Total . | . . Derelict Logs Recovered . | . . Drone Launches . | . . Drone Recoveries . | . . Exploration | -11 -10 ------------- Run | Yrd Mat Turns Passed 1520 | 986 534 Spaces Moved 366 | 81 285 Core 39 | 29 10 Treads . | . . Legs 327 | 52 275 Wheels . | . . Hover . | . . Flight . | . . Fastest Speed 50 | 50 100 Average Speed 115 | 103 119 Slowest Speed 200 | 200 150 Overloaded Moves . | . . Propulsion Burnouts . | . . Robots Hopped . | . . Potential Cave-ins . | . . Cave-ins Triggered . | . . Exploration Rate (%) 26 | 8 45 Regions Visited 1 Branch Regions . Pre-discovered Areas . | . . Known Exits Taken . | . . Unknown Exits Taken 1 | 1 . Scrap Searched . | . . Spaces Dug . | . . Terrain Destroyed 37 | . 37 Melee . | . . Projectile . | . . AOE 37 | . 37 Terrain Rammed . | . . Walls Destroyed . | . . Machines Disabled . | . . Actions | -11 -10 --------- Run | Yrd Mat Total 1431 | 981 450 Wait 1010 | 887 123 Move 365 | 80 285 Hop . | . . Pick Up 12 | 7 5 Fast Attach . | . . Attach 9 | 6 3 Detach . | . . Swap . | . . Drop . | . . Fire 21 | 1 20 Melee . | . . Ram 2 | . 2 Kick 12 | . 12 Crush . | . . Escape Stasis . | . . Rewire . | . . Trap . | . . Miscellaneous . | . . Route ------- -11/Scrapyard -10/Materials (discovered 2 exits: [*Mat x2]) History --------- Turn | Location | Event 5 | -11/Scrapyard | Discovered new exit (range 15) 982 | -11/Scrapyard | Assembled infested the area 987 | -11/Scrapyard | Entered Materials 988 | -10/Materials | Build established: Mutant 1258 | -10/Materials | Discovered new exit (range 16) 1365 | -10/Materials | Lost 4 parts (1p1n2w) 1389 | -10/Materials | Discovered new exit (range 16) 1499 | -10/Materials | Core integrity fell below 50% 1518 | -10/Materials | Core integrity fell below 20% 1521 | -10/Materials | Destroyed by G-34 Mercenary with Small Laser Last Messages --------------- eventually TF Nodes could be expanded to include more immediate detection and response efforts in support of nearby garrisons. EXIT=FOUND Connecting with Repair Station... Triggered Alarm Trap. An alarm sounds. ALERT: Alarm triggered, dispatching investigation squad. Kicked G-34 Mercenary. Kicked G-34 Mercenary out of the way. Sml. Laser destroyed. Kicked G-34 Mercenary. Kicked G-34 Mercenary out of the way. Kicked G-34 Mercenary. Aluminum Leg destroyed. Slammed into G-34 Mercenary. Lgt. Ion Engine destroyed. G-34 Mercenary destroyed. R-06 Scavenger collects Aluminum Leg. Map ----- +----------------------------------------------------+ | | | | | | | | | ?????????????????????????????????????????????????? | | ?????????????????????????????????????????????????? | | ??????????????????????????#####??????????????????? | | ???????####################"T"############???????? | | ???????# #???????? | | ???????# ^ ^ #######+# | | ???????# < = | | ???????# """ " ######### | | ???????####+######+####### " ""#?????? | | ????????????????# #???# " " Y"#?????? | | ????????????????# #???# ^ ""#?????? | | ????????????????# #???# % ##?????? | | ????????????????# #??#T ##??????? | | ????????????????# #??## ######## | | ????????????????# #???# + | | ??##########????# #???# #" ## # """ | | ??# """ #????# #???# ## ####### #### """ | | ??# "R" #????# #???# #####????? ??# """ | | ??# " " #????##+####### #????????# ?# | | ??# ####### ### #????????# """" # | | ??# %# %g #????????# """" ##+#### | | ??# ! """%+%%g%% @ #????????# """" ## #??? | | ??# """ # % rg #????????# ???# #??? | | ??# """ ########### #????????#+##+#### #### | | ??# #?????????## ##????????? !]^ | | ??##########??????????# #?????????+ ^]] | | ??????????????????????+ #?????????# | | ??????????????????????# #?????????# | | ??????????????????????# #???????????? """ """ | | ??????????????????????# ??????????????""""""" | | ??????????????????????# ?????????? """"" | | ??????????????????????# ????????? | | ??????????????????????###### ???????# | | ???????????????????????????? ??????? | | ????????????????????????????????????? ###+###### | | ?????????????????????????????????????????????????? | | ?????????????????????????????????????????????????? | | ?????????????????????????????????????????????????? | | ?????????????????????????????????????????????????? | | ???????????????????????????????????????????????### | | ???????????????????????????????????????????????# | | ???????????????????????????????????????????????# | | ???????????????????????????????????????????????# | | ???????????????????????????????????????????????## | | ???????????????????????????????????????????? ??## | | ???????????????????????????????????????????? ?# # | +----------------------------------------------------+ Best States ------------- Heat Dissipation 25 Energy Generation 10 Energy Capacity 125 Matter Stores 300 Matter Capacity 300 Sight Range 16 Terrain Scan Density 10 Evasion (%) 55 Item Schematics ----------------- None Robot Schematics ------------------ None Fabricated ------------ Nothing Repaired ---------- Nothing Alien Tech Used ----------------- None Achievements -------------- Curiosity Killed The Cat Challenges ------------ None Game ------ Seed NovaSurveybotShovel Manual? 0 Play Time 00:11:39 Cumulative 10.6 hours Start 2025.05.30 @ 20:22:32 End 2025.05.30 @ 20:30:58 Sessions 1 Manual Loads 0 Difficulty Rogue Special Mode None Game No. 8 Rogue 2 Adventurer 0 Explorer 6 Win Type - Total 0 Types 0/0/0/0/0/0/0/0/0/0 Lore% 10 Gallery% 13 Achievement% 17 Wizard Run 0 Options --------- Layout 1 ASCII 0 Keyboard 0 Movement Mouse Keybinds 0 Fullscreen 1 Font 24/Smallcaps Map View 50x35 Zoom Use 0% Tactical HUD 0 Map Filters NONE Filters NONE Steam 1 RUN: 0944ee08-46c1-4d43-9934-7d5912fdaf0f